 Dungeon Crawl Stone Soup version 0.31-a0-257-gf185e81a89 (webtiles) character file.

Game seed: 18376736868336274616

52 qw the Shooter (level 3, -8/21 HPs)
             Began as a Gargoyle Hexslinger on July 12, 2023.
             Mangled by Terence
             ... wielding a +3 mace of holy wrath
              (10 damage)
             ... on level 3 of the Dungeon.
             The game lasted 00:00:39 (1375 turns).

qw the Shooter (Gargoyle Hexslinger)                Turns: 1375, Time: 00:00:40

Health: -8/21      AC:  9    Str: 11    XL:     3   Next: 85%
Magic:  4/4        EV: 12    Int: 13    God:
Gold:   238        SH:  0    Dex: 14    Spells: 3/4 levels left

rFire   . . .        Y - +1 sling
rCold   + . .        (no shield)
rNeg    + . .        c - +0 robe
rPois   inf          (no helmet)
rElec   +            (no cloak)
rCorr   .            (no gloves)
SInv    .            (no boots)
Will    .....        (no amulet)
Stlth   +            i - ring of protection from cold
HPRegen 0.23/turn    h - +4 ring of protection
MPRegen 0.09/turn

%: no passive effects
@: no status effects
A: sickness immunity, AC +3, negative energy resistance 1, electricity
resistance, torment resistance 1, petrification resistance
a: no special abilities


You were on level 3 of the Dungeon.
You visited 1 branch of the dungeon, and saw 3 of its levels.

You collected 238 gold pieces.


Innate Abilities, Weirdness & Mutations

You are immune to sickness and miasma.
Your stone body is resilient. (AC +3)
You are immune to poison.
You resist negative energy. (rN+)
You are resistant to electric shocks. (rElec)
You are resistant to unholy torment.
You are immune to petrification.


   Skills:
 - Level 2.0 Fighting
 + Level 3.7 Ranged Weapons
 - Level 1.5 Dodging
 - Level 1.0 Spellcasting
 - Level 2.6 Hexes


You had 3 spell levels left.
You knew the following spells:

 Your Spells              Type           Power      Damage    Failure   Level
a - Slow                  Hex            28%        N/A       10%         1

Your spell library contained the following spells:

 Spells                   Type           Power      Damage    Failure   Level
 Inner Flame              Hex/Fire       4%         N/A       43%         3
 Portal Projectile        Hex/Tloc       8%         N/A       43%         3
 Cause Fear               Hex            3%         N/A       67%         4

Inventory:

Hand Weapons
 Y - a +1 sling (weapon)
Armour
 c - a +0 robe (worn)
 f - the +0 helmet of the Fifty Planets {rF+}
   (You found it on level 3 of the Dungeon)

   rF:        It protects you from fire.
Jewellery
 b - a ring of magical power
 h - a +4 ring of protection (right hand)
 i - a ring of protection from cold (left hand)
Scrolls
 a - 4 scrolls of identify
 j - a scroll of vulnerability {unknown}
Potions
 d - a potion of enlightenment
 e - a potion of degeneration {unknown}
 g - a potion of curing
 k - a potion of cancellation {unknown}

Dungeon Overview and Level Annotations

Branches:
Dungeon (3/15)

Altars:
Yredelemnul

Annotations:
D:3 Terence


Message History

Terence hits you with a +3 mace of holy wrath.
You shoot a sling bullet. The sling bullet barely misses Terence.
Terence hits you with a +3 mace of holy wrath.
You shoot a sling bullet.
The sling bullet hits Terence but does no damage.
Terence is heavily wounded.
A frilled lizard comes into view.
Terence bares his teeth.
Terence hits you but does no damage.
You shoot a sling bullet. The sling bullet barely misses Terence.
Terence hits you but does no damage.
Terence hits you with a +3 mace of holy wrath.
You shoot a sling bullet. The sling bullet hits Terence.
Terence is heavily wounded.
The frilled lizard bites you but does no damage.
Terence hits you but does no damage.
You shoot a sling bullet.
The sling bullet hits Terence but does no damage.
Terence is heavily wounded.
The frilled lizard bites you but does no damage.
Terence hits you with a +3 mace of holy wrath.
You shoot a sling bullet. The sling bullet hits Terence.
Terence is severely wounded.
The frilled lizard bites you but does no damage.
Terence hits you with a +3 mace of holy wrath.
You shoot a sling bullet.
The sling bullet closely misses Terence.
The frilled lizard barely misses you.
Terence hits you with a +3 mace of holy wrath.
You shoot a sling bullet.
The sling bullet hits Terence but does no damage.
Terence is severely wounded.
The frilled lizard closely misses you. Terence completely misses you.
Terence misses you. The frilled lizard barely misses you.
You shoot a sling bullet.
The sling bullet hits Terence but does no damage.
Terence is severely wounded.
The frilled lizard closely misses you.
Terence hits you with a +3 mace of holy wrath!
You die...

#....#####....##
###+##.
###....#.........# #.
#........###.###.# #.
#..........#.(...# #.
#.......##....#### #.
#.......##....# #.
#.............# .
#........##...######.
#........#...@'......
#........#..l@######.
#........#......
#........#.......
#................#
#................+
#.......#........#
##.###.....#+##... #.
#######


You could see Terence and a frilled lizard.

Vanquished Creatures
  An ufetubus (D:3)
  7 bats
  8 endoplasms
  4 goblins
  5 hobgoblins
  A quokka (D:1)
  A ball python (D:2)
  4 frilled lizards (D:1)
  8 kobolds
  4 rats
43 creatures vanquished.

Notes
Turn   | Place    | Note
-------+----------+-------------------------------------------
     0 | D:1      | qw the Gargoyle Hexslinger began the quest for the Orb.
     0 | D:1      | Reached XP level 1. HP: 12/12 MP: 2/2
     0 | D:1      | 0 ||| qw: Version: 0.3-a-52-g30416fa
     0 | D:1      | 0 ||| qw: Game counter: 6772
     0 | D:1      | 0 ||| qw: Melee chars always use a shield: true
     0 | D:1      | 0 ||| qw: God list: Okawaru
     0 | D:1      | 0 ||| qw: Allow faded altars: false
     0 | D:1      | 0 ||| qw: Do Orc after clearing Dungeon:15 true
     0 | D:1      | 0 ||| qw: Do second Lair branch before Depths: true
     0 | D:1      | 0 ||| qw: Lair rune preference: random
     0 | D:1      | 0 ||| qw: Goals: Normal
     0 | D:1      | 0 ||| PLANNING D:1-11
   199 | D:1      | Reached XP level 2. HP: 15/16 MP: 3/3
   276 | D:1      | Reached skill level 3 in Ranged Weapons
   453 | D:1      | Reached XP level 3. HP: 21/21 MP: 4/4
   744 | D:1      | 744 ||| UPGRADING to ring of protection from cold.
   745 | D:1      | 745 ||| READING 4 scrolls labelled BOEKUSEPPU.
   746 | D:1      | 746 ||| READING scroll labelled DENYECEDWE.
   747 | D:1      | 747 ||| READING scroll labelled YDEGARI UKHLE.
   748 | D:1      | 748 ||| READING scroll labelled JYUHICR ZAEWN.
   749 | D:1      | 749 ||| READING 3 scrolls of identify.
   749 | D:1      | 749 ||| IDENTIFYING green potion
   750 | D:1      | 750 ||| DROPPING scroll of poison.
   869 | D:2      | Found a basalt altar of Yredelemnul.
  1087 | D:2      | Found a faded altar of an unknown god.
  1172 | D:2      | 1172 ||| UPGRADING to +4 ring of protection.
  1173 | D:2      | 1173 ||| READING scroll labelled RELIBOS KOPPIO.
  1174 | D:2      | 1174 ||| READING scroll labelled RIPPIJ DAGAAN.
  1179 | D:2      | 1179 ||| DRINKING 2 sapphire potions.
  1189 | D:2      | 1189 ||| DRINKING 2 purple potions.
  1190 | D:2      | 1190 ||| DROPPING potion of ambrosia.
  1324 | D:3      | Identified the +0 helmet of the Fifty Planets {rF+}
  1359 | D:3      | Noticed Terence
  1372 | D:3      | HP: 3/21 [Terence/+3 mace of holy wrath (4)]
  1373 | D:3      | HP: 1/21 [Terence/+3 mace of holy wrath (2)]
  1375 | D:3      | Mangled by Terence

Levels and vault maps discovered:
D:1:      nagdon_arrival_double_spiral, layout_loops_ring
D:2:      layout_rooms, basic_altar, ebering_ecumenical_altar_petrified
D:3:      layout_basic, uniq_terence, uniq_pargi

Skill      XL: |  1  2 |
---------------+-------+-----
Ranged Weapons | 3 |  3.7
Fighting       | 2 |  2.0
Dodging        | |  1.5
Spellcasting   | |  1.0
Hexes          | |  2.6

Action                     || total
---------------------------++-------
   Fire: Sling             ||   134
    Use: Scroll            ||     7
         Potion            ||     2
 Armour: Robe              ||    19
  Dodge: Dodged            ||    30

Table legend:
 A = Non-vault XP
 B = Vault XP
 C = Vault XP percentage of total XP
 D = Non-vault monster count
 E = Vault monster count
 F = Vault count percentage of total count
                 A         B        C        D         E       F
            +---------+---------+-------+---------+---------+-------
      Total |      75 |       0 |   0.0 |      43 |       0 |   0.0
            +---------+---------+-------+---------+---------+-------
        D:1 |      41 |       0 |   0.0 |      26 |       0 |   0.0
        D:2 |      19 |       0 |   0.0 |      12 |       0 |   0.0
        D:3 |      15 |       0 |   0.0 |       5 |       0 |   0.0
            +---------+---------+-------+---------+---------+-------
